TOP OF THE 1ST |
---|
Montgomery Biscuits batting - Pitching for Beaumont Roughnecks : RHP Mike Marks | Pitching: RHP Mike Marks | | Batting: SHB Lawrence Farley | 0-0: Ground out 4-3 (Groundball, 4) | Batting: RHB Reinaldo Amarante | 0-0: Foul Ball, location: 2F 0-1: Ball 1-1: Ball 2-1: Fly out, F8 (Flyball, 8RD) | Batting: SHB Randy Anderson | 0-0: Foul Ball, location: 2F 0-1: Swinging Strike 0-2: Ball 1-2: SINGLE (Flyball, 78S) | Batting: SHB Marvin López | 0-0: Called Strike 0-1: Ball 1-1: Ball 2-1: Ball 3-1: Foul Ball, location: 2F 3-2: Foul Ball, location: 2F 3-2: Ground out 4-3 (Groundball, 4) | Top of the 1st over - 0 runs, 1 hit, 0 errors, 1 left on base; Montgomery 0 - Beaumont 0 | BOTTOM OF THE 1ST |
---|
Beaumont Roughnecks batting - Pitching for Montgomery Biscuits : LHP Orlando Costa | Pitching: LHP Orlando Costa | | Batting: RHB John James | 0-0: Ball 1-0: Foul Ball, location: 2F 1-1: Swinging Strike 1-2: Strikes out looking | Batting: RHB Jeff Mason | 0-0: Ball 1-0: Ball 2-0: Swinging Strike 2-1: Foul Ball, location: 2F 2-2: Foul Ball, location: 2F 2-2: Ball 3-2: Strikes out swinging | Batting: LHB Roberto Félix | 0-0: SINGLE (Line Drive, 7S) | Batting: RHB Roger Rush | 0-0: Called Strike 0-1: Ball 1-1: Ball 2-1: Foul Ball, location: 2F 2-2: DOUBLE (Flyball, 89XD) Roberto Félix to third | Batting: LHB Enrique Cruz | 0-0: Ball 1-0: Called Strike 1-1: Swinging Strike 1-2: Ball 2-2: 3-RUN HOME RUN (Flyball, 89XD), Distance : 405 ft | Batting: RHB Marvin Johnson | 0-0: Reached on error, E3 (Groundball, 34S) | Batting: RHB António Aguilar | 0-0: Ball 1-0: Foul Ball, location: 2F 1-1: Fly out, F7 (Flyball, 78D) | Bottom of the 1st over - 3 runs, 3 hits, 1 error, 1 left on base; Montgomery 0 - Beaumont 3 | TOP OF THE 2ND |
---|
Montgomery Biscuits batting - Pitching for Beaumont Roughnecks : RHP Mike Marks | Batting: SHB Pancho Ruíz | 0-0: Ball 1-0: Ball 2-0: Foul Ball, location: 2F 2-1: Swinging Strike 2-2: Foul Ball, location: 2F 2-2: Ball 3-2: Foul Ball, location: 2F 3-2: Fly out, F5 (Popup, 25F) | Batting: SHB Wilson Bray | 0-0: Ball 1-0: Called Strike 1-1: Ground out 6-3 (Groundball, 6) | Batting: SHB Kenneth Cruz | 0-0: Called Strike 0-1: Ball 1-1: Ground out 6-3 (Groundball, 6D) | Top of the 2nd over - 0 runs, 0 hits, 0 errors, 0 left on base; Montgomery 0 - Beaumont 3 | BOTTOM OF THE 2ND |
---|
Beaumont Roughnecks batting - Pitching for Montgomery Biscuits : LHP Orlando Costa | Batting: RHB Miguel Costa | 0-0: Called Strike 0-1: Swinging Strike 0-2: Ball 1-2: Strikes out swinging | Batting: SHB Walton Locke | 0-0: Ball 1-0: Ball 2-0: Called Strike 2-1: Ball 3-1: Called Strike 3-2: Strikes out swinging | Batting: RHB John James | 0-0: Ground out 1-3 (Groundball, P) | Bottom of the 2nd over - 0 runs, 0 hits, 0 errors, 0 left on base; Montgomery 0 - Beaumont 3 | TOP OF THE 3RD |
---|
Montgomery Biscuits batting - Pitching for Beaumont Roughnecks : RHP Mike Marks | Batting: SHB Hoyt Norris | 0-0: Called Strike 0-1: Fly out, F8 (Line Drive, 8RM) | Batting: SHB Joe Pierce | 0-0: Ball 1-0: Called Strike 1-1: Foul Ball, location: 2F 1-2: Strikes out swinging | Batting: SHB Lawrence Farley | 0-0: Foul Ball, location: 2F 0-1: Swinging Strike 0-2: SINGLE (Groundball, 4MD) | Batting: RHB Reinaldo Amarante | 0-0: Ball 1-0: Ball 2-0: Ball 3-0: Base on Balls Lawrence Farley to second | Batting: SHB Randy Anderson | 0-0: Ball 1-0: Ball 2-0: Ball 3-0: Base on Balls Lawrence Farley to third Reinaldo Amarante to second | Batting: SHB Marvin López | 0-0: Called Strike 0-1: Ball 1-1: Foul Ball, location: 2F 1-2: Foul Ball, location: 2F 1-2: Strikes out swinging | Top of the 3rd over - 0 runs, 1 hit, 0 errors, 3 left on base; Montgomery 0 - Beaumont 3 | BOTTOM OF THE 3RD |
---|
Beaumont Roughnecks batting - Pitching for Montgomery Biscuits : LHP Orlando Costa | Batting: RHB Jeff Mason | 0-0: SOLO HOME RUN (Flyball, 89XD), Distance : 412 ft | Batting: LHB Roberto Félix | 0-0: Swinging Strike 0-1: Called Strike 0-2: Ball 1-2: Foul Ball, location: 2F 1-2: Ball 2-2: Foul Ball, location: 2F 2-2: Foul Ball, location: 2F 2-2: Hit by Pitch | Batting: RHB Roger Rush | 0-0: Ball Roberto Félix steals 2nd base 1-0: Ball 2-0: Ball 3-0: Base on Balls | Batting: LHB Enrique Cruz | 0-0: Ball 1-0: Called Strike 1-1: Swinging Strike 1-2: Ball 2-2: Strikes out swinging | Batting: RHB Marvin Johnson | 0-0: Ground out 5-3 (Groundball, 56S) Roberto Félix to third Roger Rush to second | Batting: RHB António Aguilar | 0-0: Called Strike 0-1: Called Strike 0-2: Ball 1-2: Foul Ball, location: 2F 1-2: Foul Ball, location: 2F 1-2: Ball 2-2: Foul Ball, location: 2F 2-2: Foul Ball, location: 2F 2-2: SINGLE (Flyball, 8RS) Roberto Félix scores Roger Rush to third Runner from 3rd tries for Home, SAFE, throw made home | Batting: RHB Miguel Costa | 0-0: Ball 1-0: Foul Ball, location: 2F 1-1: Ball 2-1: Swinging Strike 2-2: Ground out 4-3 (Groundball, 4) | Bottom of the 3rd over - 3 runs, 2 hits, 0 errors, 1 left on base; Montgomery 0 - Beaumont 6 | TOP OF THE 4TH |
---|
Montgomery Biscuits batting - Pitching for Beaumont Roughnecks : RHP Mike Marks | Batting: SHB Pancho Ruíz | 0-0: Called Strike 0-1: Foul Ball, location: 2F 0-2: Strikes out swinging | Batting: SHB Wilson Bray | 0-0: Called Strike 0-1: Ball 1-1: Swinging Strike 1-2: Strikes out swinging | Batting: SHB Kenneth Cruz | 0-0: Ball 1-0: Ball 2-0: Foul Ball, location: 2F 2-1: Foul Ball, location: 2F 2-2: SOLO HOME RUN (Flyball, 9LD), Distance : 369 ft | Batting: SHB Hoyt Norris | 0-0: Ball 1-0: Ball 2-0: Ball 3-0: Called Strike 3-1: Swinging Strike 3-2: Fly out, F8 (Line Drive, 89D) | Top of the 4th over - 1 run, 1 hit, 0 errors, 0 left on base; Montgomery 1 - Beaumont 6 | BOTTOM OF THE 4TH |
---|
Beaumont Roughnecks batting - Pitching for Montgomery Biscuits : LHP Orlando Costa | Batting: SHB Walton Locke | 0-0: Foul Ball, location: 2F 0-1: Called Strike 0-2: Strikes out looking | Batting: RHB John James | 0-0: Reached on error, E3 (Groundball, 34) | Pitching: RHP Raúl Martínez | | Batting: RHB Jeff Mason | 0-0: Ball Wild Pitch! John James to second 1-0: Foul Ball, location: 2F 1-1: SINGLE (Groundball, 34D) John James to third Runner from 3rd tries for Home, SAFE, no throw | Batting: LHB Roberto Félix | 0-0: Ball 1-0: 2-RUN HOME RUN (Flyball, 78XD), Distance : 417 ft | Batting: RHB Roger Rush | 0-0: Fly out, F8 (Flyball, 78M) | Batting: LHB Enrique Cruz | 0-0: Ball 1-0: Ground out 4-3 (Groundball, 4) | Bottom of the 4th over - 3 runs, 2 hits, 1 error, 0 left on base; Montgomery 1 - Beaumont 9 | TOP OF THE 5TH |
---|
Montgomery Biscuits batting - Pitching for Beaumont Roughnecks : RHP Mike Marks | Batting: SHB Joe Pierce | 0-0: Ball 1-0: Ball 2-0: Ball 3-0: Called Strike 3-1: SINGLE (Line Drive, 78M) | Pitching: LHP Mark De Jesús | | Batting: SHB Lawrence Farley | 0-0: Ball 1-0: Ball 2-0: Ball 3-0: Called Strike 3-1: Base on Balls Joe Pierce to second | Batting: RHB Reinaldo Amarante | 0-0: Called Strike 0-1: Ball 1-1: Called Strike 1-2: Fly out, F1 (Line Drive, 13S) | Batting: SHB Randy Anderson | 0-0: Ball 1-0: Ball 2-0: SINGLE (Groundball, 5S) (infield hit) Joe Pierce to third Lawrence Farley to second | Batting: SHB Marvin López | 0-0: Called Strike 0-1: Ball 1-1: Ball 2-1: Called Strike 2-2: Foul Ball, location: 2F 2-2: Strikes out looking | Batting: SHB Pancho Ruíz | 0-0: Ball 1-0: Called Strike 1-1: Ball 2-1: Foul Ball, location: 2F 2-2: Fly out, F8 (Flyball, 8LM) | Top of the 5th over - 0 runs, 2 hits, 0 errors, 3 left on base; Montgomery 1 - Beaumont 9 | BOTTOM OF THE 5TH |
---|
Beaumont Roughnecks batting - Pitching for Montgomery Biscuits : RHP Raúl Martínez | Batting: RHB Marvin Johnson | 0-0: Ball 1-0: Foul Ball, location: 2F 1-1: SINGLE (Flyball, 9S) | Batting: RHB António Aguilar | 0-0: Ball 1-0: Ball 2-0: SINGLE (Groundball, 34D) Marvin Johnson to second Runner from 2nd tries for 3rd, SAFE, no throw | Batting: RHB Miguel Costa | 0-0: Ball 1-0: Swinging Strike 1-1: Foul Ball, location: 2F 1-2: Ball 2-2: Foul Ball, location: 2F 2-2: Ball 3-2: Foul Ball, location: 2F 3-2: Foul Ball, location: 2F 3-2: Base on Balls António Aguilar to second | Batting: SHB Walton Locke | 0-0: Ball 1-0: SINGLE (Groundball, 25) (infield hit) Marvin Johnson scores António Aguilar to third Miguel Costa to second | Batting: RHB John James | 0-0: Swinging Strike 0-1: Ball 1-1: Foul Ball, location: 2F 1-2: Fly out, F3 (Line Drive, 3S) Lined into DP, U3 (Line Drive, 3S) | Batting: RHB Jeff Mason | 0-0: Ball 1-0: Called Strike 1-1: Fly out, F7 (Flyball, 7) | Bottom of the 5th over - 1 run, 3 hits, 0 errors, 2 left on base; Montgomery 1 - Beaumont 10 | TOP OF THE 6TH |
---|
Montgomery Biscuits batting - Pitching for Beaumont Roughnecks : LHP Mark De Jesús | Batting: SHB Wilson Bray | 0-0: Called Strike 0-1: Called Strike 0-2: Strikes out swinging, 2-3 out at first. | Batting: SHB Kenneth Cruz | 0-0: Ball 1-0: Ground out 5-3 (Groundball, 5) | Batting: SHB Hoyt Norris | 0-0: Foul Ball, location: 2F 0-1: DOUBLE (Flyball, 8RXD) | Batting: SHB Joe Pierce | 0-0: Ground out 5-3 (Groundball, 56) | Top of the 6th over - 0 runs, 1 hit, 0 errors, 1 left on base; Montgomery 1 - Beaumont 10 | BOTTOM OF THE 6TH |
---|
Beaumont Roughnecks batting - Pitching for Montgomery Biscuits : RHP Raúl Martínez | Batting: LHB Roberto Félix | 0-0: Ball 1-0: Ball 2-0: Ball 3-0: Called Strike 3-1: Base on Balls | Batting: RHB Roger Rush | 0-0: Ball 1-0: SINGLE (Flyball, 7LS) Roberto Félix to second | Pitching: LHP Wilson Romero | | Batting: LHB Enrique Cruz | 0-0: Swinging Strike 0-1: Ball 1-1: Foul Ball, location: 2F 1-2: Ball 2-2: Fly out, F9 (Flyball, 9LSF) | Batting: RHB Marvin Johnson | 0-0: SINGLE (Groundball, 34D) Roberto Félix to third Roger Rush to second Runner from 3rd tries for Home, SAFE, no throw | Batting: RHB António Aguilar | 0-0: Ball 1-0: Fly out, F9 (Flyball, 89M) | Batting: RHB Miguel Costa | 0-0: Ball 1-0: Swinging Strike 1-1: Ground out U3 (Groundball, 2R) | Bottom of the 6th over - 1 run, 2 hits, 0 errors, 2 left on base; Montgomery 1 - Beaumont 11 | TOP OF THE 7TH |
---|
Montgomery Biscuits batting - Pitching for Beaumont Roughnecks : LHP Mark De Jesús | Batting: SHB Lawrence Farley | 0-0: Ball 1-0: Called Strike 1-1: Foul Ball, location: 2F 1-2: Ball 2-2: Foul Ball, location: 2F 2-2: Strikes out swinging | Batting: RHB Reinaldo Amarante | 0-0: Ball 1-0: Called Strike 1-1: Ball 2-1: Foul Ball, location: 2F 2-2: Fly out, F8 (Flyball, 8RXD) | Batting: SHB Randy Anderson | 0-0: Called Strike 0-1: Fly out, F7 (Flyball, 78M) | Top of the 7th over - 0 runs, 0 hits, 0 errors, 0 left on base; Montgomery 1 - Beaumont 11 | BOTTOM OF THE 7TH |
---|
Beaumont Roughnecks batting - Pitching for Montgomery Biscuits : LHP Wilson Romero | Batting: SHB Walton Locke | 0-0: Called Strike 0-1: Called Strike 0-2: Ball 1-2: Foul Ball, location: 2F 1-2: SINGLE (Flyball, 8LS) | Batting: RHB John James | 0-0: Called Strike 0-1: Called Strike 0-2: Ball 1-2: Ball 2-2: Ball 3-2: Grounds into double play, 6-4-3 (Groundball, 6) | Batting: RHB Jeff Mason | 0-0: Ball 1-0: Ground out 4-3 (Groundball, 4M) | Bottom of the 7th over - 0 runs, 1 hit, 0 errors, 0 left on base; Montgomery 1 - Beaumont 11 | TOP OF THE 8TH |
---|
Montgomery Biscuits batting - Pitching for Beaumont Roughnecks : LHP Mark De Jesús | Pitching: RHP Ralph Miller | | Batting: SHB Marvin López | 0-0: Foul Ball, location: 2F 0-1: Ball 1-1: Ball 2-1: Foul Ball, location: 2F 2-2: Ground out 5-3 (Groundball, 56) | Batting: SHB Pancho Ruíz | 0-0: Ball 1-0: Ball 2-0: Ball 3-0: Base on Balls | Batting: SHB Wilson Bray | 0-0: Ball 1-0: Ball 2-0: Called Strike 2-1: Swinging Strike 2-2: Strikes out looking | Batting: SHB Kenneth Cruz | 0-0: Ball 1-0: SINGLE (Line Drive, 89S) Pancho Ruíz to second Runner from 2nd tries for 3rd, SAFE, no throw | Batting: SHB Hoyt Norris | 0-0: Fly out, F9 (Flyball, 89M) | Top of the 8th over - 0 runs, 1 hit, 0 errors, 2 left on base; Montgomery 1 - Beaumont 11 | BOTTOM OF THE 8TH |
---|
Beaumont Roughnecks batting - Pitching for Montgomery Biscuits : LHP Wilson Romero | Batting: LHB Roberto Félix | 0-0: Foul Ball, location: 2F 0-1: Swinging Strike 0-2: Foul Ball, location: 2F 0-2: Ball 1-2: Ball 2-2: Ball 3-2: Ground out 5-3 (Groundball, 5) | Batting: RHB Roger Rush | 0-0: Ball 1-0: Ball 2-0: Called Strike 2-1: Foul Ball, location: 2F 2-2: Fly out, F3 (Line Drive, 3) | Batting: LHB Enrique Cruz | 0-0: Called Strike 0-1: Ball 1-1: Ground out 3-1 (Groundball, 34S) | Bottom of the 8th over - 0 runs, 0 hits, 0 errors, 0 left on base; Montgomery 1 - Beaumont 11 | TOP OF THE 9TH |
---|
Montgomery Biscuits batting - Pitching for Beaumont Roughnecks : RHP Ralph Miller | Batting: SHB Joe Pierce | 0-0: SINGLE (Line Drive, 78S) | Pinch Hitting: RHB Lorenzo Tamayo | 0-0: Foul Ball, location: 2F 0-1: Swinging Strike 0-2: Strikes out swinging | Batting: RHB Reinaldo Amarante | 0-0: Called Strike 0-1: Swinging Strike 0-2: Strikes out swinging | Batting: SHB Randy Anderson | 0-0: Called Strike 0-1: Fielders Choice at 2nd, 5-4 (Groundball, 56) | Top of the 9th over - 0 runs, 1 hit, 0 errors, 1 left on base; Montgomery 1 - Beaumont 11 | |